HSSL
OTSEGO HS BULLDOGS @ JEFFERSONVILLE-YOUNGSVILLE CENTRAL HS TROJANS
04/15/2029
 
TOP OF THE 1ST
Otsego HS Bulldogs batting - Pitching for Jeffersonville-Youngsville Central HS Trojans : LHP Walt Barry
Pitching: LHP Walt Barry
Batting: RHB Robbie Barnes 0-0: Ball
1-0: Ball
2-0: Ball
3-0: Base on Balls
Batting: RHB Jack Díaz 0-0: Foul Ball, location: 2F
0-1: Foul Ball, location: 2F
0-2: Ball
1-2: Ball
2-2: Ball
3-2: Hit by Pitch
Robbie Barnes to second
Batting: RHB Ray Martin 0-0: Ball
1-0: Swinging Strike
1-1: Called Strike
1-2: Ball
2-2: Ball
3-2: Foul Ball, location: 2F
3-2: Fly out, F3 (Popup, 3)
Batting: RHB Jesse Wood 0-0: Foul Ball, location: 2F
0-1: Ball
Robbie Barnes steals 3rd base
1-1: Foul Ball, location: 2F
1-2: Ball
2-2: Ball
3-2: SINGLE (Groundball, 6MD)
Robbie Barnes scores
Jack Díaz to second
Batting: SHB Keith Novak 0-0: Ball
1-0: Ball
2-0: SINGLE (Groundball, 6D)
Jack Díaz to third
Jesse Wood to second
Runner from 3rd tries for Home, SAFE, no throw
Batting: RHB Pedro Estrada 0-0: Called Strike
0-1: Foul Ball, location: 2F
0-2: Strikes out swinging
Batting: RHB Leonard Brown 0-0: Ball
1-0: Called Strike
1-1: Ball
2-1: Foul Ball, location: 2F
2-2: Ball
3-2: Strikes out swinging
Top of the 1st over - 2 runs, 2 hits, 0 errors, 2 left on base; Otsego HS 2 - Jeffersonville-Youngsville Central HS 0
BOTTOM OF THE 1ST
Jeffersonville-Youngsville Central HS Trojans batting - Pitching for Otsego HS Bulldogs : RHP Dan Watkins
Pitching: RHP Dan Watkins
Batting: RHB José Rocha 0-0: Foul Ball, location: 2F
0-1: Called Strike
0-2: SINGLE (Groundball, 6) (infield hit)
Batting: LHB Tomás Mata 0-0: Ball
1-0: SINGLE (Groundball, 6MD)
José Rocha to second
Batting: LHB Tony Chávez 0-0: Ball
1-0: Called Strike
1-1: Ball
2-1: Foul Ball, location: 2F
2-2: Strikes out looking
Batting: RHB Glenn Brooks 0-0: Called Strike
Tomás Mata is caught stealing 2nd base
0-1: Ground out 6-3 (Groundball, 6)
Bottom of the 1st over - 0 runs, 2 hits, 0 errors, 1 left on base; Otsego HS 2 - Jeffersonville-Youngsville Central HS 0
TOP OF THE 2ND
Otsego HS Bulldogs batting - Pitching for Jeffersonville-Youngsville Central HS Trojans : LHP Walt Barry
Batting: RHB Curt Pierson 0-0: Foul Ball, location: 2F
0-1: Ball
1-1: Ball
2-1: Ball
3-1: SINGLE (Flyball, 7LS)
Batting: RHB Dan Miller 0-0: Fly out, F8 (Flyball, 8RM)
Batting: RHB Robbie Barnes 0-0: Ball
1-0: Ball
2-0: Called Strike
2-1: SINGLE (Groundball, 34S) (infield hit)
Curt Pierson to second
Batting: RHB Jack Díaz 0-0: Called Strike
0-1: Foul Ball, location: 2F
0-2: Strikes out swinging
Batting: RHB Ray Martin 0-0: Foul Ball, location: 2F
0-1: Swinging Strike
0-2: DOUBLE (Line Drive, 7LM)
Curt Pierson scores
Robbie Barnes to third
Runner from 3rd tries for Home, SAFE, no throw
Batting: RHB Jesse Wood 0-0: Called Strike
0-1: Foul Ball, location: 2F
0-2: Foul Ball, location: 2F
0-2: Ball
1-2: Ball
2-2: Ground out 1-3 (Groundball, 15S)
Top of the 2nd over - 2 runs, 3 hits, 0 errors, 1 left on base; Otsego HS 4 - Jeffersonville-Youngsville Central HS 0
BOTTOM OF THE 2ND
Jeffersonville-Youngsville Central HS Trojans batting - Pitching for Otsego HS Bulldogs : RHP Dan Watkins
Batting: RHB Jack Slater 0-0: Ball
1-0: Ball
2-0: SOLO HOME RUN (Flyball, 7LD), Distance : 375 ft
Batting: LHB Steve Parker 0-0: Ball
1-0: Ground out 5-3 (Groundball, 5)
Pitching: RHP Russell Rose
Batting: LHB Ed Williams 0-0: Ball
1-0: Foul Ball, location: 2F
1-1: Ball
2-1: Ball
3-1: Base on Balls
Batting: RHB Steve Mitchell 0-0: SINGLE (Groundball, 6MS) (infield hit)
Ed Williams to second
Batting: RHB Duane Bradley 0-0: Ball
1-0: Called Strike
1-1: Called Strike
1-2: Foul Ball, location: 2F
1-2: Ball
2-2: Foul Ball, location: 2F
2-2: Ball
3-2: Base on Balls
Ed Williams to third
Steve Mitchell to second
Batting: RHB José Rocha 0-0: Called Strike
0-1: Foul Ball, location: 2F
0-2: Ball
1-2: Foul Ball, location: 2F
1-2: Foul Ball, location: 2F
1-2: Ball
2-2: Fielders Choice at 2nd, 4-6 (Groundball, 4M)
Ed Williams scores
Steve Mitchell to third
Batting: LHB Tomás Mata 0-0: Called Strike
0-1: Ball
1-1: Ball
2-1: Ball
3-1: Base on Balls
José Rocha to second
Batting: LHB Tony Chávez 0-0: Ball
1-0: Foul Ball, location: 2F
1-1: Foul Ball, location: 2F
1-2: Ball
2-2: Foul Ball, location: 2F
2-2: Foul Ball, location: 2F
2-2: Foul Ball, location: 2F
2-2: DOUBLE (Flyball, 89XD)
Steve Mitchell scores
José Rocha scores
Tomás Mata to third
Runner from 3rd tries for Home, SAFE, no throw
Batting: RHB Glenn Brooks 0-0: Called Strike
0-1: Foul Ball, location: 2F
0-2: Ball
1-2: Fly out, F8 (Flyball, 8LS)
Bottom of the 2nd over - 5 runs, 3 hits, 0 errors, 1 left on base; Otsego HS 4 - Jeffersonville-Youngsville Central HS 5
TOP OF THE 3RD
Otsego HS Bulldogs batting - Pitching for Jeffersonville-Youngsville Central HS Trojans : LHP Walt Barry
Batting: SHB Keith Novak 0-0: Fly out, F4 (Popup, 4)
Batting: RHB Pedro Estrada 0-0: Called Strike
0-1: Called Strike
0-2: Ball
1-2: Foul Ball, location: 2F
1-2: Ball
2-2: Ball
3-2: Ground out 5-3 (Groundball, 56S)
Batting: RHB Leonard Brown 0-0: Ground out U3 (Groundball, 3)
Top of the 3rd over - 0 runs, 0 hits, 0 errors, 0 left on base; Otsego HS 4 - Jeffersonville-Youngsville Central HS 5
BOTTOM OF THE 3RD
Jeffersonville-Youngsville Central HS Trojans batting - Pitching for Otsego HS Bulldogs : RHP Russell Rose
Batting: RHB Jack Slater 0-0: Ground out U3 (Groundball, 3)
Batting: LHB Steve Parker 0-0: Called Strike
0-1: Ball
1-1: Foul Ball, location: 2F
1-2: DOUBLE (Line Drive, 9LD)
Batting: LHB Ed Williams 0-0: 2-RUN HOME RUN (Flyball, 9D), Distance : 391 ft
Pitching: RHP P.J. Pittman
Batting: RHB Steve Mitchell 0-0: Foul Ball, location: 2F
0-1: Called Strike
0-2: Ball
1-2: Foul Ball, location: 2F
1-2: Strikes out swinging
Batting: RHB Duane Bradley 0-0: Ball
1-0: Foul Ball, location: 2F
1-1: Fly out, F9 (Flyball, 9LM)
Bottom of the 3rd over - 2 runs, 2 hits, 0 errors, 0 left on base; Otsego HS 4 - Jeffersonville-Youngsville Central HS 7
TOP OF THE 4TH
Otsego HS Bulldogs batting - Pitching for Jeffersonville-Youngsville Central HS Trojans : LHP Walt Barry
Batting: RHB Curt Pierson 0-0: Fly out, F8 (Flyball, 89D)
Batting: RHB Dan Miller 0-0: Ground out U3 (Groundball, 34)
Batting: RHB Robbie Barnes 0-0: Called Strike
0-1: SINGLE (Groundball, 4MD)
Batting: RHB Jack Díaz 0-0: Ball
1-0: Fly out, F7 (Flyball, 7S)
Top of the 4th over - 0 runs, 1 hit, 0 errors, 1 left on base; Otsego HS 4 - Jeffersonville-Youngsville Central HS 7
BOTTOM OF THE 4TH
Jeffersonville-Youngsville Central HS Trojans batting - Pitching for Otsego HS Bulldogs : RHP P.J. Pittman
Batting: RHB José Rocha 0-0: Foul Ball, location: 2F
0-1: Foul Ball, location: 2F
0-2: Ball
1-2: SINGLE (Groundball, 34S) (infield hit)
Batting: LHB Tomás Mata 0-0: Ball
1-0: Foul Ball, location: 2F
1-1: Grounds into double play, 5-4-3 (Groundball, 5)
Batting: LHB Tony Chávez 0-0: Ball
1-0: Ball
2-0: Ball
3-0: Base on Balls
Batting: RHB Glenn Brooks 0-0: Ball
Tony Chávez steals 2nd base
1-0: Called Strike
1-1: Swinging Strike
1-2: Strikes out swinging
Bottom of the 4th over - 0 runs, 1 hit, 0 errors, 1 left on base; Otsego HS 4 - Jeffersonville-Youngsville Central HS 7
TOP OF THE 5TH
Otsego HS Bulldogs batting - Pitching for Jeffersonville-Youngsville Central HS Trojans : LHP Walt Barry
Batting: RHB Ray Martin 0-0: Ball
1-0: Ball
2-0: Swinging Strike
2-1: Ball
3-1: Called Strike
3-2: Foul Ball, location: 2F
3-2: Reached on error, E8 (Flyball, 8RS)
Batting: RHB Jesse Wood 0-0: Called Strike
0-1: Foul Ball, location: 2F
0-2: SINGLE (Flyball, 7S)
Ray Martin to second
Pitching: RHP Phil Rivera
Batting: SHB Keith Novak 0-0: Ball
1-0: Called Strike
1-1: Ball
2-1: SINGLE (Groundball, 34D)
Ray Martin to third
Jesse Wood to second
Runner from 3rd tries for Home, throw and OUT!
Batting: RHB Pedro Estrada 0-0: Called Strike
0-1: Fly out, F7 (Flyball, 7D)
Batting: RHB Leonard Brown 0-0: Ball
1-0: Called Strike
1-1: 3-RUN HOME RUN (Flyball, 7LD), Distance : 375 ft
Batting: RHB Curt Pierson 0-0: SINGLE (Groundball, 56S) (infield hit)
Batting: RHB Dan Miller 0-0: Ball
1-0: Ball
2-0: SINGLE (Flyball, 89S)
Curt Pierson to second
Throwing error, E9
Curt Pierson scores
Dan Miller to second
Batting: RHB Robbie Barnes 0-0: Ball
1-0: Swinging Strike
1-1: Ball
2-1: Ball
3-1: Called Strike
3-2: Base on Balls
Batting: RHB Jack Díaz 0-0: Ball
1-0: Ball
2-0: Called Strike
2-1: SINGLE (Groundball, 34) (infield hit)
Dan Miller to third
Robbie Barnes to second
Batting: RHB Ray Martin 0-0: Foul Ball, location: 2F
0-1: Ball
1-1: Called Strike
1-2: SINGLE (Groundball, 6MD)
Dan Miller scores
Robbie Barnes to third
Jack Díaz to second
Runner from 3rd tries for Home, SAFE, no throw
Pitching: RHP Jerry Billings
Batting: RHB Jesse Wood 0-0: Foul Ball, location: 2F
0-1: Ball
1-1: Ball
2-1: Foul Ball, location: 2F
2-2: Strikes out swinging
Top of the 5th over - 6 runs, 7 hits, 2 errors, 2 left on base; Otsego HS 10 - Jeffersonville-Youngsville Central HS 7
BOTTOM OF THE 5TH
Jeffersonville-Youngsville Central HS Trojans batting - Pitching for Otsego HS Bulldogs : RHP P.J. Pittman
Batting: RHB Jack Slater 0-0: Foul Ball, location: 2F
0-1: Ball
1-1: Foul Ball, location: 2F
1-2: Strikes out looking
Batting: LHB Steve Parker 0-0: Called Strike
0-1: Swinging Strike
0-2: Ball
1-2: Strikes out looking
Batting: LHB Ed Williams 0-0: Ball
1-0: Swinging Strike
1-1: Swinging Strike
1-2: Strikes out swinging
Bottom of the 5th over - 0 runs, 0 hits, 0 errors, 0 left on base; Otsego HS 10 - Jeffersonville-Youngsville Central HS 7
TOP OF THE 6TH
Otsego HS Bulldogs batting - Pitching for Jeffersonville-Youngsville Central HS Trojans : RHP Jerry Billings
Batting: SHB Keith Novak 0-0: Called Strike
0-1: Ball
1-1: Called Strike
1-2: Ball
2-2: Ball
3-2: Strikes out swinging
Batting: RHB Pedro Estrada 0-0: Foul Ball, location: 2F
0-1: Swinging Strike
0-2: Ball
1-2: Strikes out swinging
Batting: RHB Leonard Brown 0-0: Ball
1-0: Foul Ball, location: 2F
1-1: Foul Ball, location: 2F
1-2: Ball
2-2: Ball
3-2: Foul Ball, location: 2F
3-2: Base on Balls
Batting: RHB Curt Pierson 0-0: Ball
1-0: SINGLE (Line Drive, 6M)
Leonard Brown to second
Batting: RHB Dan Miller 0-0: SINGLE (Line Drive, 6M)
Leonard Brown to third
Curt Pierson to second
Runner from 3rd tries for Home, SAFE, no throw
Batting: RHB Robbie Barnes 0-0: Foul Ball, location: 2F
0-1: Foul Ball, location: 2F
0-2: Foul Ball, location: 2F
0-2: Ball
1-2: Foul Ball, location: 2F
1-2: 3-RUN HOME RUN (Flyball, 7LD), Distance : 368 ft
Batting: RHB Jack Díaz 0-0: Ball
1-0: Ball
2-0: Ball
3-0: Base on Balls
Batting: RHB Ray Martin 0-0: Called Strike
0-1: Ball
1-1: Foul Ball, location: 2F
1-2: Ball
2-2: SINGLE (Line Drive, 8LS)
Jack Díaz to second
Batting: RHB Jesse Wood 0-0: Ball
1-0: Ball
2-0: Ball
3-0: Called Strike
3-1: Reached on error, E5 (Groundball, 5)
Jack Díaz to third
Ray Martin to second
Batting: SHB Keith Novak 0-0: Swinging Strike
0-1: Ball
1-1: Ball
2-1: Ground out 4-3 (Groundball, 4M)
Top of the 6th over - 4 runs, 4 hits, 1 error, 3 left on base; Otsego HS 14 - Jeffersonville-Youngsville Central HS 7
BOTTOM OF THE 6TH
Jeffersonville-Youngsville Central HS Trojans batting - Pitching for Otsego HS Bulldogs : RHP P.J. Pittman
Batting: RHB Steve Mitchell 0-0: Ball
1-0: Called Strike
1-1: Swinging Strike
1-2: SOLO HOME RUN (Flyball, 7D), Distance : 381 ft
Batting: RHB Duane Bradley 0-0: Called Strike
0-1: Foul Ball, location: 2F
0-2: Ball
1-2: Ball
2-2: Ground out 6-3 (Groundball, 6S)
Batting: RHB José Rocha 0-0: Foul Ball, location: 2F
0-1: Foul Ball, location: 2F
0-2: Fly out, F5 (Line Drive, 5L)
Batting: LHB Tomás Mata 0-0: Ball
1-0: Foul Ball, location: 2F
1-1: Foul Ball, location: 2F
1-2: Foul Ball, location: 2F
1-2: Foul Ball, location: 2F
1-2: Strikes out swinging
Bottom of the 6th over - 1 run, 1 hit, 0 errors, 0 left on base; Otsego HS 14 - Jeffersonville-Youngsville Central HS 8
TOP OF THE 7TH
Otsego HS Bulldogs batting - Pitching for Jeffersonville-Youngsville Central HS Trojans : RHP Jerry Billings
Batting: RHB Pedro Estrada 0-0: Foul Ball, location: 2F
0-1: Ground out 5-3 (Groundball, 5)
Batting: RHB Leonard Brown 0-0: Called Strike
0-1: Ball
1-1: Ball
2-1: Swinging Strike
2-2: Strikes out swinging
Batting: RHB Curt Pierson 0-0: Ground out 5-3 (Groundball, 56)
Top of the 7th over - 0 runs, 0 hits, 0 errors, 0 left on base; Otsego HS 14 - Jeffersonville-Youngsville Central HS 8
BOTTOM OF THE 7TH
Jeffersonville-Youngsville Central HS Trojans batting - Pitching for Otsego HS Bulldogs : RHP P.J. Pittman
Pitching: RHP Lúcio Bautista
Batting: LHB Tony Chávez 0-0: Ball
1-0: Foul Ball, location: 2F
1-1: Foul Ball, location: 2F
1-2: Ball
2-2: Ball
3-2: Foul Ball, location: 2F
3-2: Foul Ball, location: 2F
3-2: Fly out, F8 (Line Drive, 8LM)
Batting: RHB Glenn Brooks 0-0: Ball
1-0: Ball
2-0: Ball
3-0: Base on Balls
Batting: RHB Jack Slater 0-0: Ball
1-0: Called Strike
1-1: Fly out, F3 (Popup, 23F)
Batting: LHB Steve Parker 0-0: Called Strike
0-1: Ball
1-1: Ball
2-1: Called Strike
2-2: Fly out, F4 (Flyball, 34D)
Bottom of the 7th over - 0 runs, 0 hits, 0 errors, 1 left on base; Otsego HS 14 - Jeffersonville-Youngsville Central HS 8
TOP OF THE 8TH
Otsego HS Bulldogs batting - Pitching for Jeffersonville-Youngsville Central HS Trojans : RHP Jerry Billings
Batting: RHB Dan Miller 0-0: Ball
1-0: Foul Ball, location: 2F
1-1: Ball
2-1: SINGLE (Line Drive, 34D)
Pitching: RHP José Villanueva
Batting: RHB Robbie Barnes 0-0: Called Strike
0-1: Foul Ball, location: 2F
0-2: Ball
1-2: Foul Ball, location: 2F
1-2: Ball
2-2: Ball
3-2: Foul Ball, location: 2F
3-2: Base on Balls
Dan Miller to second
Batting: RHB Jack Díaz 0-0: Ground out 6-3 (Groundball, 56D)
Dan Miller to third
Robbie Barnes to second
Batting: RHB Ray Martin 0-0: SINGLE (Flyball, 9LM)
Dan Miller scores
Robbie Barnes to third
Runner from 3rd tries for Home, SAFE, throw made home
Batting: RHB Jesse Wood 0-0: Ball
1-0: Ball
2-0: SINGLE (Line Drive, 56)
Ray Martin to second
Batting: SHB Keith Novak 0-0: Swinging Strike
0-1: Swinging Strike
0-2: Strikes out swinging
Batting: RHB Pedro Estrada 0-0: Ball
1-0: Fly out, F8 (Flyball, 8LD)
Top of the 8th over - 2 runs, 3 hits, 0 errors, 2 left on base; Otsego HS 16 - Jeffersonville-Youngsville Central HS 8
BOTTOM OF THE 8TH
Jeffersonville-Youngsville Central HS Trojans batting - Pitching for Otsego HS Bulldogs : RHP Lúcio Bautista
Batting: LHB Ed Williams 0-0: Called Strike
0-1: TRIPLE (Line Drive, 8RXD)
Batting: RHB Steve Mitchell 0-0: Ball
1-0: Ball
2-0: Ball
3-0: Called Strike
3-1: Called Strike
3-2: 2-RUN HOME RUN (Flyball, 7LD), Distance : 365 ft
Batting: RHB Duane Bradley 0-0: Ground out U3 (Groundball, 3)
Batting: RHB José Rocha 0-0: Foul Ball, location: 2F
0-1: Ball
1-1: Called Strike
1-2: Ball
2-2: Foul Ball, location: 2F
2-2: SINGLE (Line Drive, 6MD)
Batting: LHB Tomás Mata 0-0: Called Strike
0-1: Called Strike
0-2: Ball
1-2: Ball
2-2: Ball
3-2: Foul Ball, location: 2F
3-2: Foul Ball, location: 2F
3-2: Base on Balls
José Rocha to second
Batting: LHB Tony Chávez 0-0: Foul Ball, location: 2F
0-1: Foul Ball, location: 2F
0-2: Ball
1-2: Ball
2-2: Ball
3-2: Fly out, F8 (Line Drive, 8LS)
Batting: RHB Glenn Brooks 0-0: 3-RUN HOME RUN (Flyball, 78XD), Distance : 428 ft
Pitching: RHP Daniel Norton
Batting: RHB Jack Slater 0-0: Foul Ball, location: 2F
0-1: Ball
1-1: DOUBLE (Line Drive, 78D)
Pitching: LHP Bob Hill
Batting: LHB Steve Parker 0-0: Ball
1-0: Ball
2-0: Foul Ball, location: 2F
2-1: Called Strike
2-2: Strikes out looking
Bottom of the 8th over - 5 runs, 5 hits, 0 errors, 1 left on base; Otsego HS 16 - Jeffersonville-Youngsville Central HS 13
TOP OF THE 9TH
Otsego HS Bulldogs batting - Pitching for Jeffersonville-Youngsville Central HS Trojans : RHP José Villanueva
Pitching: LHP Brett Wakeley
Batting: RHB Leonard Brown 0-0: Called Strike
0-1: Swinging Strike
0-2: Strikes out swinging
Batting: RHB Curt Pierson 0-0: Called Strike
0-1: Called Strike
0-2: Foul Ball, location: 2F
0-2: Strikes out swinging
Batting: RHB Dan Miller 0-0: Ball
1-0: Ball
2-0: Foul Ball, location: 2F
2-1: Swinging Strike
2-2: Ball
3-2: Strikes out swinging
Top of the 9th over - 0 runs, 0 hits, 0 errors, 0 left on base; Otsego HS 16 - Jeffersonville-Youngsville Central HS 13
BOTTOM OF THE 9TH
Jeffersonville-Youngsville Central HS Trojans batting - Pitching for Otsego HS Bulldogs : LHP Bob Hill
Batting: LHB Ed Williams 0-0: Called Strike
0-1: Swinging Strike
0-2: Foul Ball, location: 2F
0-2: Ball
1-2: SOLO HOME RUN (Flyball, 9LD), Distance : 365 ft
Pitching: RHP Artie Green
Batting: RHB Steve Mitchell 0-0: Swinging Strike
0-1: Swinging Strike
0-2: Foul Ball, location: 2F
0-2: Ball
1-2: Foul Ball, location: 2F
1-2: Strikes out swinging
Batting: RHB Duane Bradley 0-0: Ball
1-0: Ball
2-0: Foul Ball, location: 2F
2-1: SINGLE (Groundball, 4MD)
Batting: RHB José Rocha 0-0: Called Strike
0-1: SINGLE (Groundball, 6M) (infield hit)
Duane Bradley to second
Batting: LHB Tomás Mata 0-0: SINGLE (Groundball, 5S) (infield hit)
Duane Bradley to third
José Rocha to second
Batting: LHB Tony Chávez 0-0: Ball
1-0: Ball
2-0: Foul Ball, location: 2F
2-1: Ball
3-1: Foul Ball, location: 2F
3-2: SINGLE (Line Drive, 6MD)
Duane Bradley scores
José Rocha to third
Tomás Mata to second
Batting: RHB Glenn Brooks 0-0: Foul Ball, location: 2F
0-1: Swinging Strike
0-2: Fly out, F9 (Flyball, 9)
Runner from 3rd tags up, SCORES, no throw
Pinch Hitting: RHB Ben Bradley 0-0: Called Strike
0-1: Called Strike
0-2: Ball
1-2: Strikes out looking
Bottom of the 9th over - 3 runs, 5 hits, 0 errors, 2 left on base; Otsego HS 16 - Jeffersonville-Youngsville Central HS 16
TOP OF THE 10TH
Otsego HS Bulldogs batting - Pitching for Jeffersonville-Youngsville Central HS Trojans : LHP Brett Wakeley
Now in LF: Vicente Ortíz
Batting: RHB Robbie Barnes 0-0: Ball
1-0: Foul Ball, location: 2F
1-1: Foul Ball, location: 2F
1-2: Strikes out looking
Batting: RHB Jack Díaz 0-0: Called Strike
0-1: Ground out 4-3 (Groundball, 4)
Batting: RHB Ray Martin 0-0: Ball
1-0: Fly out, F8 (Line Drive, 8LM)
Top of the 10th over - 0 runs, 0 hits, 0 errors, 0 left on base; Otsego HS 16 - Jeffersonville-Youngsville Central HS 16
BOTTOM OF THE 10TH
Jeffersonville-Youngsville Central HS Trojans batting - Pitching for Otsego HS Bulldogs : RHP Artie Green
Batting: LHB Steve Parker 0-0: Called Strike
0-1: Ball
1-1: Ball
2-1: Ball
3-1: Reached on error, E4 (Groundball, 4MS)
Batting: LHB Ed Williams 0-0: Ball
1-0: Ball
2-0: Ball
3-0: Base on Balls
Steve Parker to second
Batting: RHB Steve Mitchell 0-0: Called Strike
0-1: Ball
1-1: Ball
2-1: Ball
3-1: Base on Balls
Steve Parker to third
Ed Williams to second
Batting: RHB Duane Bradley 0-0: Called Strike
0-1: Swinging Strike
0-2: Strikes out swinging
Batting: RHB José Rocha 0-0: Foul Ball, location: 2F
0-1: Called Strike
0-2: Ball
1-2: Ball
2-2: Grounds into fielders choice 5-2 (Groundball, 5)
Ed Williams to third
Steve Mitchell to second
Batting: LHB Tomás Mata 0-0: Ball
1-0: Fly out, F3 (Line Drive, 3L)
Bottom of the 10th over - 0 runs, 0 hits, 1 error, 3 left on base; Otsego HS 16 - Jeffersonville-Youngsville Central HS 16
TOP OF THE 11TH
Otsego HS Bulldogs batting - Pitching for Jeffersonville-Youngsville Central HS Trojans : LHP Brett Wakeley
Pitching: RHP Juan García
Batting: RHB Jesse Wood 0-0: Ball
1-0: Ball
2-0: Ball
3-0: Base on Balls
Batting: SHB Keith Novak 0-0: Called Strike
0-1: Ball
1-1: Ball
2-1: Reached via error on a dropped throw, E1
Jesse Wood to second
Batting: RHB Pedro Estrada 0-0: Swinging Strike
0-1: Swinging Strike
0-2: Strikes out looking
Batting: RHB Leonard Brown 0-0: Ball
1-0: Ball
2-0: Ball
3-0: Called Strike
3-1: Grounds into double play, 5-4-3 (Groundball, 56)
Top of the 11th over - 0 runs, 0 hits, 1 error, 1 left on base; Otsego HS 16 - Jeffersonville-Youngsville Central HS 16
BOTTOM OF THE 11TH
Jeffersonville-Youngsville Central HS Trojans batting - Pitching for Otsego HS Bulldogs : RHP Artie Green
Batting: LHB Tony Chávez 0-0: Ball
1-0: Foul Ball, location: 2F
1-1: Foul Ball, location: 2F
1-2: Ball
2-2: Foul Ball, location: 2F
2-2: Foul Ball, location: 2F
2-2: Ball
3-2: SINGLE (Line Drive, 7S)
Batting: RHB Glenn Brooks 0-0: Ball
1-0: Foul Ball, location: 2F
1-1: Grounds into double play, 6-4-3 (Groundball, 6)
Batting: RHB Vicente Ortíz 0-0: Ball
1-0: Called Strike
1-1: Ball
2-1: SINGLE (Flyball, 9LS)
Batting: LHB Steve Parker 0-0: Ball
1-0: Foul Ball, location: 2F
1-1: Foul Ball, location: 2F
1-2: Ball
2-2: Ball
3-2: SINGLE (Line Drive, 9S)
Vicente Ortíz to second
Vicente Ortíz to third
Batting: LHB Ed Williams 0-0: Called Strike
0-1: Ball
1-1: Ground out U3 (Groundball, 3)
Bottom of the 11th over - 0 runs, 3 hits, 0 errors, 2 left on base; Otsego HS 16 - Jeffersonville-Youngsville Central HS 16
TOP OF THE 12TH
Otsego HS Bulldogs batting - Pitching for Jeffersonville-Youngsville Central HS Trojans : RHP Juan García
Batting: RHB Curt Pierson 0-0: Ball
1-0: Ball
2-0: Swinging Strike
2-1: Swinging Strike
2-2: DOUBLE (Groundball, 5L)
Batting: RHB Dan Miller 0-0: Called Strike
0-1: Ball
1-1: Swinging Strike
1-2: Ball
2-2: Ball
3-2: Foul Ball, location: 2F
3-2: Base on Balls
Batting: RHB Robbie Barnes 0-0: Sac Bunt - play at first, batter OUT! 5-4
Curt Pierson to third
Dan Miller to second
Batting: RHB Jack Díaz 0-0: Ball
1-0: Ball
2-0: Called Strike
2-1: Ball
3-1: Called Strike
3-2: SINGLE (Groundball, 6MD)
Curt Pierson scores
Dan Miller to third
Throwing error, E8
Dan Miller scores
Jack Díaz to second
Batting: RHB Ray Martin 0-0: Intentional Walk
Pitching: RHP Johnny Outram
Batting: RHB Jesse Wood 0-0: Ball
1-0: Foul Ball, location: 2F
1-1: Called Strike
1-2: Ball
2-2: Foul Ball, location: 2F
2-2: Foul Ball, location: 2F
2-2: Ball
3-2: Base on Balls
Jack Díaz to third
Ray Martin to second
Batting: SHB Keith Novak 0-0: Foul Ball, location: 2F
0-1: Fly out, F6 (Popup, 15)
Batting: RHB Pedro Estrada 0-0: Ball
1-0: Ball
2-0: Ball
3-0: Called Strike
3-1: Called Strike
3-2: Ground out 6-3 (Groundball, 6M)
Top of the 12th over - 2 runs, 2 hits, 1 error, 3 left on base; Otsego HS 18 - Jeffersonville-Youngsville Central HS 16
BOTTOM OF THE 12TH
Jeffersonville-Youngsville Central HS Trojans batting - Pitching for Otsego HS Bulldogs : RHP Artie Green
Batting: RHB Steve Mitchell 0-0: Ball
1-0: Ball
2-0: Ball
3-0: Base on Balls
Batting: RHB Duane Bradley 0-0: Called Strike
0-1: SINGLE (Groundball, 6D)
Steve Mitchell to second
Pitching: RHP Gordon Long
Batting: RHB José Rocha 0-0: Single, Error in OF, E7, batter to second base
Steve Mitchell scores
Duane Bradley to third
Batting: LHB Tomás Mata 0-0: Called Strike
0-1: SINGLE (Line Drive, 6MD)
Duane Bradley scores
José Rocha to third
Runner from 3rd tries for Home, SAFE, no throw
GAME OVER ... JEFFERSONVILLE
Youngsville Central HS defeats Otsego HS, 19 to 18
Saturday, December 16th, 2017 - OOTP Baseball 18.8 Build 76